 Dungeon Crawl Stone Soup version 0.27.1-34-g3ba077fa99 (webtiles) character file.

Game seed: 12232411534697978226

88414 Sharkman1231 the Covert (level 15, -1/115 HPs)
             Began as a Demonspawn Hedge Wizard on Jan 17, 2022.
             Was the Champion of Kikubaaqudgha.
             Slain by a rockslime (18 damage)
             ... on level 6 of the Lair of Beasts.
             The game lasted 00:51:25 (37245 turns).

Sharkman1231 the Covert (Demonspawn Hedge Wizard)  Turns: 37245, Time: 00:51:26

Health: -1/115     AC: 20    Str: 12    XL:     15   Next: 46%
Magic:  21/25      EV: 15    Int: 23    God:    Kikubaaqudgha [******]
Gold:   1680       SH:  6    Dex: 19    Spells: 9/28 levels left

rFire    + + .     SeeInvis .   a - +0 dagger (elec)
rCold    . . .     Faith    .   Y - +0 buckler
rNeg     + . .     Spirit   .   R - +0 acid dragon scales
rPois    +         Reflect  .   b - +2 hat {Stlth+}
rElec    +         Harm     .   u - +0 cloak
rCorr    +         Rampage  .   X - +0 pair of gloves {Dex+3}
Will     +....                  h - +2 pair of boots {Fly}
Stlth    ++++++....             (no amulet)
HPRegen  0.29/turn              d - +6 ring of intelligence
MPRegen  0.19/turn              V - ring "Ryviyl" {Drain rElec rPois rF++ rN+}

@: about to teleport, flying
A: antennae 2, icy blue scales 2, demonic guardian 2, augmentation 1, demonic
magic 2
a: Renounce Religion, Receive Corpses, Torment, Brand Weapon With Pain, Receive
Forbidden Knowledge


You were on level 6 of the Lair of Beasts.
You worshipped Kikubaaqudgha.
Kikubaaqudgha was exalted by your worship.
You visited 3 branches of the dungeon, and saw 22 of its levels.
You also visited: Ice Cave.

You collected 1680 gold pieces.

Inventory:

Hand Weapons
 a - a +0 dagger of electrocution (weapon)
 t - a +0 dagger of venom
 N - a +0 scimitar of flaming
Armour
 b - a +2 hat of stealth (worn)
 h - a +2 pair of boots of flying (worn)
 k - a +1 pair of gloves
 u - a +0 cloak (worn)
 O - a +1 robe of the Archmagi
 R - +0 acid dragon scales (worn)
 T - a +1 scale mail of willpower
 X - a +0 pair of gloves of dexterity (worn)
 Y - a +0 buckler (worn)
Jewellery
 c - the ring of Fusmast {rPois rF+ AC+4 SInv}
   (You found it on level 5 of the Lair of Beasts)

   [ring of protection]

   AC:        It affects your AC (+4).
   rF:        It protects you from fire.
   rPois:     It protects you from poison.
   SInv:      It lets you see invisible.
 d - a +6 ring of intelligence (left hand)
 r - a ring of protection from cold
 V - the ring "Ryviyl" (right hand) {Drain rElec rPois rF++ rN+}
   (You acquired it in an ice cave)

   [ring of poison resistance]

   rF:        It greatly protects you from fire.
   rElec:     It insulates you from electricity.
   rPois:     It protects you from poison.
   rN:        It protects you from negative energy.
   Drain:     It drains your maximum health when unequipped.
Wands
 m - a wand of paralysis (14)
 p - a wand of digging (9)
 w - a wand of iceblast (45)
 y - a wand of flame (20)
 F - a wand of polymorph (15)
 J - a wand of mindburst (14)
 L - a wand of acid (2)
Scrolls
 e - 3 scrolls of teleportation
 f - 2 scrolls of fear
 i - 7 scrolls of amnesia
 j - 2 scrolls of enchant armour
 l - 9 scrolls of immolation
 s - 2 scrolls of fog
 x - 3 scrolls of silence
 A - 5 scrolls of identify
 C - 4 scrolls of enchant weapon
 E - a scroll of magic mapping
 G - 2 scrolls of vulnerability
Potions
 g - 6 potions of flight
 q - 6 potions of brilliance
 z - 2 potions of heal wounds
 B - 3 potions of attraction
 D - a potion of might
 H - 5 potions of haste
 I - a potion of berserk rage
 K - 2 potions of lignification
 M - 4 potions of cancellation
 P - 8 potions of curing
 Q - a potion of magic
 W - a potion of invisibility
 Z - 3 potions of mutation
Miscellaneous
 v - a phantom mirror
 U - a phial of floods


   Skills:
 - Level 10.0 Fighting
 - Level 10.0 Short Blades
 - Level 11.0 Armour
 - Level 6.8 Dodging
 - Level 12.0 Stealth
 - Level 4.0 Shields
 - Level 7.0 Spellcasting
 - Level 7.0 Conjurations
 - Level 1.0 Summonings
 - Level 10.0 Necromancy
 - Level 0.8 Translocations
 + Level 3.2 Ice Magic
 - Level 4.0 Air Magic
 - Level 5.0 Poison Magic


You had 9 spell levels left.
You knew the following spells:

 Your Spells              Type           Power      Damage    Failure   Level
a - Magic Dart            Conj           100%       1d8       1%          1
b - Blink                 Tloc           N/A        N/A       11%         2
c - Mephitic Cloud        Conj/Pois/Air  32%        N/A       3%          3
d - Conjure Flame         Conj/Fire      24%        6-21      8%          3
e - Dispel Undead         Necr           52%        3d19      1%          4
f - Simulacrum            Ice/Necr       19%        N/A       71%         6

Your spell library contained the following spells:

 Spells                   Type           Power      Damage    Failure   Level
 Animate Skeleton         Necr           100%       N/A       1%          1
 Pain                     Necr           100%       1d9       1%          1
 Corpse Rot               Necr/Air       N/A        N/A       1%          2
 Sublimation of Blood     Necr           26%        N/A       1%          2
 Vampiric Draining        Necr           26%        2d9       1%          3
 Animate Dead             Necr           26%        N/A       1%          4
 Poisonous Vapours        Pois/Air       56%        N/A       2%          2
 Summon Small Mammal      Summ           48%        N/A       7%          1
 Apportation              Tloc           24%        N/A       8%          1
 Stone Arrow              Conj/Erth      48%        3d10      8%          3
 Ensorcelled Hibernation  Hex/Ice        30%        N/A       9%          2
 Corona                   Hex            8%         N/A       11%         1
 Sandblast                Erth           16%        2d6       11%         1
 Call Imp                 Summ           12%        N/A       11%         2
 Spider Form              Tmut/Pois      9%         N/A       11%         3
 Passwall                 Tmut/Erth      6%         N/A       16%         2
 Slow                     Hex            8%         N/A       16%         2
 Call Canine Familiar     Summ           12%        N/A       21%         3
 Portal Projectile        Hex/Tloc       20%        N/A       26%         3
 Summon Guardian Golem    Hex/Summ       10%        N/A       26%         3
 Death Channel            Necr           26%        N/A       26%         6
 Tukima's Dance           Hex            8%         N/A       30%         3
 Borgnjor's Vile Clutch   Necr/Erth      15%        N/A       36%         5
 Freezing Cloud           Conj/Ice/Air   14%        6-21      38%         5
 Summon Ice Beast         Ice/Summ       17%        N/A       41%         4
 Passage of Golubria      Tloc           N/A        N/A       58%         4
 Leda's Liquefaction      Hex/Erth       4%         N/A       71%         4
 Silence                  Hex/Air        8%         N/A       77%         5
 Lee's Rapid Deconstruct  Erth           4%         3d6*      96%         5
 Yara's Violent Unravell  Hex/Tmut       4%         3d4       96%         5
 Orb of Destruction       Conj           20%        9d9       99%         7
 Shadow Creatures         Summ           N/A        N/A       100%        6
 Spellforged Servitor     Conj/Summ      13%        N/A       100%        7
 Lehudib's Crystal Spear  Conj/Erth      12%        10d4      100%        8


Dungeon Overview and Level Annotations

Branches:
Dungeon (15/15)            Temple (1/1) D:7            Lair (6/6) D:8
  Swamp (0/4) Lair:2       Spider (0/4) Lair:3        Slime (0/5) Lair:6
    Orc (0/2) D:12         Vaults (0/5) D:14         Depths (0/5) D:15
  IceCv (visited)

Altars:
Ashenzari
Cheibriados
Dithmenos
Elyvilon
Fedhas
Gozag
Hepliaklqana
Kikubaaqudgha
Makhleb
Nemelex Xobeh
Okawaru
Qazlal
Ru
Sif Muna
Trog
Uskayaw
Vehumet
Wu Jian
Xom
Yredelemnul
Zin
The Shining One
Beogh
Jiyva

Annotations:
Lair:5 1 transporter, Zeititwapeda's ghost, journeyman MiBe
Abyss:1 Grinder


Innate Abilities, Weirdness & Mutations

You have a pair of antennae on your head.
You are mostly covered in icy blue scales. (AC +3)
A demonic guardian rushes to your aid.
Your magical and physical power is slightly enhanced at high health.
Spells you cast may paralyse nearby enemies.


Message History

The elephant trunk-slaps your orange demon.
Your orange demon stings the elephant!
Your orange demon hits the elephant.
The elephant barely misses your orange demon.
The elephant trunk-slaps your orange demon.
Your orange demon stings the elephant!
The elephant looks as sick as possible!
Your orange demon poisons the elephant!
Your orange demon hits the elephant but does no damage.
Your orange demon stings the elephant.
Your orange demon hits the elephant.
The elephant looks weaker.
Your orange demon stings the elephant!
Your orange demon hits the elephant!
The elephant tramples you but does no damage.
The elephant misses you. The elephant tramples you.
* * * LOW HITPOINT WARNING * * *
A demonic guardian appears!
You hold your ground!
You block the elephant's attack.
Your orange demon stings the elephant but does no damage.
Your sixfirhy hits the elephant.
Your sixfirhy shocks the elephant!
Your sixfirhy hits the elephant.
Your sixfirhy shocks the elephant!
The elephant barely misses your sixfirhy.
The elephant closely misses your sixfirhy.
Your sixfirhy hits the elephant!
The elephant dies!
Kikubaaqudgha accepts your kill. The elephant tramples your sixfirhy!!
Your sixfirhy stumbles backwards!
As you read the scroll of teleportation, it crumbles to dust.
You feel strangely unstable.
Your sixfirhy hits the elephant.
Your sixfirhy shocks the elephant!
Your sixfirhy hits the elephant!
Your sixfirhy shocks the elephant!
You block the elephant's attack.
The elephant trunk-slaps you but does no damage.
The elephant tramples your sixfirhy!
Your sixfirhy holds its ground!
The elephant barely misses your sixfirhy.
Your sixfirhy hits the elephant.
Your sixfirhy shocks the elephant!
Your sixfirhy hits the elephant!
The elephant dies!
Kikubaaqudgha accepts your kill.
Your sixfirhy hits the elephant but does no damage. x2
The rockslime hits you!!
You die...
Kikubaaqudgha rasps: "You have failed me!
Welcome... death!"

#....##.....## ##.#...
###.##..P....## #...#.# #####
###.........# ##...## ....###
##.........### ##.##..
..†.♣.####...........# ####......
..Y..Y...............###....<....
.......##.....................###
...########.....J.##......#####..
#### ##....@####.P..## ### {.
#..YY## #####.# # .8 ##..3# ### #
.. #..Y# .# #4.## .# ##..# ##
#...# .## ##..## ... ###..##


You could see 3 elephants, a rockslime, a friendly orange demon (summoned) and a
friendly sixfirhy (summoned).

Vanquished Creatures
  Gastronok (Lair:2)
  Kirke (D:12)
  An azure jelly (Lair:6)
  A rockslime (Lair:6)
  A frost giant (D:15)
  Louise (D:15)
  Nessos (D:12)
  2 great orbs of eyes (Lair:6)
  7 hydras
  2 boulder beetles
  Erica (D:10)
  An ogre mage (D:12)
  3 centaur warriors
  2 two-headed ogres
  2 catoblepae (Lair:6)
  A death knight (D:15)
  An ice dragon (D:14)
  4 tengu warriors
  2 death yaks (Lair:6)
  A skeletal warrior (D:15)
  A bog body (IceCv)
  A deep elf pyromancer (D:14)
  12 ugly things
  2 cyclopes
  2 manticores
  Maurice (D:12)
  A torpor snail (Lair:4)
  4 black mambas
  10 elephants
  2 gargoyles
  14 cane toads
  4 rime drakes
  An unseen horror (D:12)
  An efreet (D:14)
  2 kobold demonologists
  5 yaktaurs (D:15)
  11 komodo dragons
  3 tengu conjurers
  An anaconda simulacrum (IceCv)
  3 freezing wraiths
  An ice devil (IceCv)
  A jumping spider (Lair:3)
  An entropy weaver simulacrum (IceCv)
  A hornet (D:9)
  4 polar bears
  2 trolls (D:11)
  6 blink frogs
  A tyrant leech (Lair:2)
  8 slime creatures
  A meliai zombie (D:10)
  4 dream sheep (Lair:4)
  A centaur simulacrum (D:11)
  A vampire (D:12)
  2 shadows (D:11)
  A tarantella (shapeshifter) (D:15)
  57 yaks
  3 wyverns
  9 basilisks
  7 wraiths
  11 vampire mosquitoes
  2 death yak simulacra (IceCv)
  A steam dragon (D:9)
  2 hogs (D:12)
  3 swamp worms (Lair:2)
  Menkaure (D:5)
  Edmund (D:4)
  3 wargs (D:8)
  3 acid dragons
  2 harpy simulacra
  21 water moccasins
  An ice beast (D:5)
  6 orc warriors
  4 black bears
  A sky beast (D:8)
  4 ogres
  An ice beast (shapeshifter) (D:14)
  28 wolves
  11 centaurs
  2 phantoms (D:5)
  Blork the orc (D:6)
  2 kobold brigands
  11 bullfrogs
  7 two-headed ogre simulacra (IceCv)
  4 scorpions
  2 elephant simulacra (IceCv)
  A water moccasin skeleton (D:6)
  5 killer bees (D:10)
  3 wights (D:8)
  4 electric eels
  2 centaur zombies
  4 jellies
  3 orc priests
  A gnoll shaman (D:6)
  3 hounds
  3 centaur skeletons
  Jessica (D:3)
  5 hell rats (Lair:5)
  5 iguanas
  3 polar bear simulacra (IceCv)
  7 orc wizards
  7 spriggan simulacra (IceCv)
  3 wolf simulacra (IceCv)
  A killer bee zombie (D:8)
  4 troll simulacra (IceCv)
  5 gnolls (D:6)
  3 howler monkey zombies
  5 adders
  5 naga simulacra (IceCv)
  7 river rats (Lair:5)
  A shadow imp (D:5)
  4 white imps (IceCv)
  6 ufetubi
  3 worms (D:5)
  5 dart slugs
  49 orcs
  3 ball pythons (D:3)
  6 bats
  10 endoplasms
  3 giant cockroaches
  5 goblins
  5 hobgoblins
  13 kobolds
  4 quokkas
  2 frilled lizards (D:1)
  12 rats
584 creatures vanquished.

Vanquished Creatures (collateral kills)
  An acid blob (Lair:6)
  2 hydras (Lair:5)
  Erolcha (D:10)
  A boulder beetle (D:12)
  2 two-headed ogres
  A tengu warrior (D:13)
  A death yak (Lair:6)
  2 ugly things (D:14)
  2 elephants (Lair:6)
  2 slime creatures
  A yak (Lair:4)
  A centaur (D:14)
  Crazy Yiuf (D:3)
  Ijyb (D:5)
  An orc wizard (D:11)
  An orc (D:4)
21 creatures vanquished.

Vanquished Creatures (others)
  A bog body (IceCv)
  A bush (D:15)
  A butterfly (D:15)
  47 fungi
  62 plants
112 creatures vanquished.

Grand Total: 717 creatures vanquished

Notes
Turn   | Place    | Note
-------+----------+-------------------------------------------
     0 | D:1      | Sharkman1231 the Demonspawn Hedge Wizard began the quest
                  | for the Orb.
     0 | D:1      | Reached XP level 1. HP: 13/13 MP: 4/4
   588 | D:1      | Found a faded altar of an unknown god.
   595 | D:1      | Gained mutation: You are partially covered in icy blue
                  | scales. (AC +2) [demonic ancestry]
   595 | D:1      | Reached XP level 2. HP: 20/20 MP: 1/6
   755 | D:1      | Reached skill level 1 in Fighting
  1529 | D:2      | You fall into a shaft and drop 2 floors!
  1653 | D:3      | Reached XP level 3. HP: 26/26 MP: 2/7
  1657 | D:3      | Learned a level 3 spell: Mephitic Cloud
  1660 | D:3      | Learned a level 2 spell: Blink
  2984 | D:3      | Noticed Jessica
  3118 | D:3      | Killed Jessica
  3119 | D:3      | Reached XP level 4. HP: 32/33 MP: 2/8
  3234 | D:3      | Found a hide-covered altar of Uskayaw.
  3430 | D:3      | Found a runed translucent door.
  3431 | D:3      | Noticed Crazy Yiuf
  3707 | D:3      | Gained mutation: A weak demonic guardian rushes to your
                  | aid. [demonic ancestry]
  3707 | D:3      | Reached XP level 5. HP: 39/39 MP: 4/9
  4009 | D:3      | Killed Crazy Yiuf
  4359 | D:4      | Reached skill level 1 in Poison Magic
  4660 | D:4      | Reached skill level 1 in Air Magic
  4781 | D:4      | Gained mutation: You have a pair of small antennae on your
                  | head. [demonic ancestry]
  4781 | D:4      | Reached XP level 6. HP: 35/46 MP: 10/10
  5070 | D:5      | Entered Level 5 of the Dungeon
  5098 | D:5      | HP: 2/46 [scorpion (6)]
  5330 | D:5      | Noticed Edmund
  5507 | D:4      | Killed Edmund
  5508 | D:4      | Gained mutation: You are mostly covered in icy blue scales.
                  | (AC +3) [demonic ancestry]
  5508 | D:4      | Reached XP level 7. HP: 26/52 MP: 11/11
  5811 | D:5      | Noticed Ijyb
  5828 | D:5      | Killed Ijyb
  6028 | D:5      | Reached skill level 5 in Conjurations
  6172 | D:5      | Noticed Menkaure
  6178 | D:5      | Killed Menkaure
  6179 | D:5      | Gained mutation: Spells you cast may paralyse adjacent
                  | enemies. [demonic ancestry]
  6179 | D:5      | Reached XP level 8. HP: 41/60 MP: 12/12
  6763 | D:6      | Noticed Blork the orc
  6773 | D:6      | Killed Blork the orc
  7171 | D:6      | Noticed Grinder
  7178 | D:6      | Banished Grinder
  7412 | D:6      | Reached skill level 5 in Dodging
  7650 | D:7      | Found a staircase to the Ecumenical Temple.
  7659 | D:7      | Gained mutation: A demonic guardian rushes to your aid.
                  | [demonic ancestry]
  7659 | D:7      | Reached XP level 9. HP: 67/67 MP: 13/13
  7661 | Temple   | Entered the Ecumenical Temple
  7779 | Temple   | Became a worshipper of Kikubaaqudgha
  8358 | D:7      | Reached skill level 5 in Fighting
  8987 | D:8      | Reached skill level 2 in Stealth
  9004 | D:8      | Reached skill level 1 in Necromancy
  9049 | D:8      | Reached * piety under Kikubaaqudgha
  9049 | D:8      | Received a gift from Kikubaaqudgha
  9273 | D:8      | Reached skill level 1 in Short Blades
  9561 | D:8      | Reached skill level 3 in Stealth
  9999 | D:8      | Found a staircase to the Lair.
 10145 | D:8      | Reached skill level 5 in Poison Magic
 10423 | D:8      | Noticed a two-headed ogre
 10449 | D:8      | Killed a two-headed ogre
 10450 | D:8      | Reached skill level 4 in Stealth
 11059 | D:9      | Paralysed by a hornet for 1 turns
 11074 | D:9      | Gained mutation: Your magical and physical power is
                  | slightly enhanced at high health. [demonic ancestry]
 11074 | D:9      | Reached XP level 10. HP: 38/76 MP: 10/14
 11652 | D:10     | Entered Level 10 of the Dungeon
 11672 | D:10     | Noticed a two-headed ogre
 11697 | D:10     | Killed a two-headed ogre
 11698 | D:10     | Reached skill level 5 in Stealth
 12045 | D:10     | Noticed Erica
 12109 | D:10     | Killed Erica
 12110 | D:10     | Reached skill level 5 in Short Blades
 12110 | D:10     | Reached skill level 6 in Stealth
 12429 | D:10     | Noticed Erolcha
 12443 | D:10     | Killed Erolcha
 12457 | D:10     | Reached skill level 5 in Necromancy
 13198 | D:10     | Reached skill level 7 in Stealth
 13449 | D:11     | Noticed a two-headed ogre
 13461 | D:11     | Noticed a two-headed ogre
 13461 | D:11     | Killed a two-headed ogre
 13675 | D:11     | Noticed a gargoyle
 13685 | D:11     | Killed a gargoyle
 13686 | D:11     | Reached XP level 11. HP: 51/81 MP: 15/15
 14073 | D:11     | Reached ** piety under Kikubaaqudgha
 14108 | D:11     | Noticed an ogre mage
 14378 | D:11     | Reached skill level 8 in Stealth
 14468 | D:11     | Noticed a green ugly thing
 14483 | D:11     | Killed a green ugly thing
 15294 | D:12     | Identified the +5 morningstar of Incongruity {flame, Dex+3}
 15843 | D:12     | Killed an ogre mage
 16055 | D:12     | Noticed a cyan ugly thing
 16069 | D:12     | Killed a cyan ugly thing
 16356 | D:12     | Identified a scroll of acquirement
 16369 | D:12     | Acquired a +2 pair of boots of flying
 16393 | D:12     | Noticed Maurice
 16400 | D:12     | Killed Maurice
 16535 | D:12     | Noticed a boulder beetle
 16548 | D:12     | Killed a boulder beetle
 16669 | D:12     | You are sucked into a shaft and drop 3 floors!
 16669 | D:15     | Entered Level 15 of the Dungeon
 16669 | D:15     | Noticed a red ugly thing
 16669 | D:15     | Noticed a red ugly thing
 16669 | D:15     | Noticed a red ugly thing
 16669 | D:15     | Noticed a red ugly thing
 16669 | D:15     | Noticed a red ugly thing
 16670 | D:15     | Noticed a red ugly thing
 16681 | D:15     | Killed a purple ugly thing
 16682 | D:15     | Reached XP level 12. HP: 83/88 MP: 14/17
 16690 | D:15     | Noticed Louise
 16690 | D:15     | Noticed a four-headed hydra
 16756 | D:15     | Noticed a death knight
 16833 | D:13     | Noticed a tengu warrior
 16857 | D:13     | Killed a tengu warrior
 16921 | D:13     | Noticed a boulder beetle
 16932 | D:13     | Killed a boulder beetle
 16975 | D:13     | Found a frozen archway.
 17005 | D:13     | Noticed a tengu warrior
 17009 | IceCv    | Entered an ice cave
 17207 | IceCv    | Learned a level 3 spell: Conjure Flame
 17762 | IceCv    | Reached *** piety under Kikubaaqudgha
 17762 | IceCv    | Received a gift from Kikubaaqudgha
 18504 | IceCv    | Identified the +1 plate armour "Mimut" {rN+ Regen+ Int-2
                  | Dex+2}
 18961 | IceCv    | Learned a level 4 spell: Dispel Undead
 19099 | IceCv    | Reached skill level 10 in Short Blades
 19589 | IceCv    | Reached skill level 9 in Stealth
 19626 | IceCv    | Reached skill level 5 in Spellcasting
 19850 | IceCv    | Acquired the ring "Ryviyl" {Drain rElec rPois rF++ rN+}
 20295 | D:13     | HP: 2/88 [tengu warrior[a tengu conjurer] (5)]
 20296 | D:13     | Killed a tengu warrior
 20908 | D:12     | Noticed Nessos
 20911 | D:12     | Killed Nessos
 20985 | D:12     | Noticed Kirke
 20995 | D:12     | Found a staircase to the Orcish Mines.
 21349 | D:14     | Reached skill level 1 in Armour
 21737 | D:14     | Noticed a tengu warrior
 21743 | D:14     | Killed a tengu warrior
 21959 | D:14     | Noticed an ice dragon
 21971 | D:14     | Killed an ice dragon
 21971 | D:14     | Reached **** piety under Kikubaaqudgha
 21973 | D:14     | Reached skill level 1 in Shields
 21979 | D:14     | Found a gate to the Vaults.
 22236 | D:14     | Noticed a two-headed ogre
 22240 | D:14     | Killed a two-headed ogre
 22320 | D:14     | Reached XP level 13. HP: 93/93 MP: 17/22
 22377 | D:14     | Reached skill level 10 in Stealth
 22677 | D:14     | Reached skill level 10 in Necromancy
 24139 | D:15     | Reached skill level 5 in Armour
 24726 | D:15     | Killed Louise
 24726 | D:15     | Reached ***** piety under Kikubaaqudgha
 24760 | D:15     | Noticed a frost giant
 24771 | D:15     | Killed a frost giant
 24779 | D:15     | Found a staircase to the Depths.
 25826 | D:12     | Killed Kirke
 26146 | Lair:1   | Entered Level 1 of the Lair of Beasts
 26211 | Lair:1   | Gained mutation: Spells you cast may paralyse nearby
                  | enemies. [demonic ancestry]
 26211 | Lair:1   | Reached XP level 14. HP: 63/100 MP: 22/24
 27578 | Lair:1   | You are sucked into a shaft and drop 1 floor!
 27606 | Lair:2   | Noticed Gastronok
 27901 | Lair:2   | Killed Gastronok
 27902 | Lair:2   | Reached skill level 10 in Armour
 28131 | Lair:2   | Found a staircase to the Swamp.
 30231 | Lair:3   | Found a hole to the Spider Nest.
 31882 | Lair:5   | Reached ****** piety under Kikubaaqudgha
 31889 | Lair:5   | Found a transporter.
 31925 | Lair:5   | Found a transporter.
 31939 | Lair:5   | Noticed Zeititwapeda's ghost (journeyman MiBe)
 31993 | Lair:5   | Reached skill level 10 in Fighting
 33060 | Lair:5   | Reached skill level 11 in Stealth
 33060 | Lair:5   | Gained mutation: You have a pair of antennae on your head.
                  | [demonic ancestry]
 33060 | Lair:5   | Reached XP level 15. HP: 115/115 MP: 25/25
 33492 | Lair:6   | Entered Level 6 of the Lair of Beasts
 33621 | Lair:6   | Noticed a rockslime
 34202 | Lair:6   | Got the Volume of the Creative Mountains
 34335 | Lair:6   | Killed a rockslime
 34370 | Lair:6   | Reached skill level 12 in Stealth
 34779 | Lair:6   | Found a staircase to the Slime Pits.
 34780 | Lair:6   | Found a viscous altar of Jiyva.
 35307 | Lair:6   | Identified the +6 hand crossbow of Responsibility {elec,
                  | Str+3}
 35463 | Lair:6   | Noticed an azure jelly
 35763 | Lair:6   | Noticed an acid blob
 35922 | Lair:5   | Learned a level 6 spell: Simulacrum
 35929 | Lair:6   | Killed an acid blob
 35930 | Lair:6   | Reached skill level 1 in Ice Magic
 36241 | Lair:5   | Identified the ring of Fusmast {rPois rF+ AC+4 SInv}
 36732 | Lair:6   | Noticed a rockslime
 36839 | Lair:6   | Killed an azure jelly
 36984 | Lair:6   | Noticed a rockslime
 36984 | Lair:6   | Noticed a rockslime
 37245 | Lair:6   | Slain by a rockslime

Illustrated notes

Levels and vault maps discovered:
D:1:      sevenhm_arrival_forest_fort_small_4, layout_basic,
          dreamdust_ecumenical_altar_angels_and_demons, minmay_distorted
D:2:      layout_rooms
D:3:      layout_loops_ring, nicolae_uskayaw_suspiria,
          chequers_decorated_corner, uniq_crazy_yiuf_cottage, uniq_jessica
D:4:      layout_rooms
D:5:      layout_cave_pools, uniq_menkaure, uniq_ijyb, uniq_edmund
D:6:      layout_basic, uniq_duvessa, uniq_blork_the_orc, uniq_grinder
D:7:      layout_layer_cave, minmay_temple_entry_sparse_star,
          minmay_misc_feat_x, chequers_serial_rivers_micro_c
D:8:      layout_loops_ring, erik_lair_orcish_takeover, kennysheep_windowed_goal
D:9:      layout_roguey, serial_curves, eino_curves_04, eino_curves_01
D:10:     layout_basic, uniq_erica, uniq_erolcha
D:11:     cheibrodos_fzero, layout_irregular_city, serial_co_window_serial,
          co_window_paths_b, co_window_corner_a, co_window_corner_a,
          co_window_corner_a, co_window_corner_a, co_window_of_opportunity_b,
          co_window_cross_2, co_window_corner_b, co_window_cross_3,
          co_window_unsneaky_path_e, co_window_broadway_b, glass_columns_b,
          glass_columns_a, glass_columns_b
D:12:     layout_grid_maze, orc_0_dummy, serial_glass, glass_columns_a,
          glass_columns_a, uniq_nessos, uniq_kirke, uniq_maurice
D:13:     layout_cross, portal_ice_cave_entry_pillars_1
D:14:     layout_gridville, david_vaults_4
D:15:     grunt_enter_depths_snipers, layout_basic, special_room
          [special_room_orc], nicolae_elyvilon_peaceful_grove, uniq_louise
Temple:   kilobyte_greek_temple
Lair:1:   layout_cave_pods
Lair:2:   layout_loops_ring, minmay_swamp_entry_worms,
          infiniplex_staircase_pool, uniq_gastronok
Lair:3:   layout_cave_pods, spider_nest_entry_a
Lair:4:   layout_roguey, serial_bayou_ford_a
Lair:5:   nzn_winding_woodlands_medium [nzn_winding_woodlands_5x5_default,
          nzn_winding_woodlands_5x15_crooked, nzn_winding_woodlands_5x5_cross,
          nzn_winding_woodlands_5x5_default,
          nzn_winding_woodlands_center_pierced_h,
          nzn_winding_woodlands_5x5_three, nzn_winding_woodlands_5x5_open_star,
          nzn_winding_woodlands_5x15_pockets,
          nzn_winding_woodlands_5x5_perimeter], layout_concentric_octagons,
          gammafunk_ghost_berserking_beasts, kennysheep_abandoned_house
Lair:6:   grunt_lair_end_beastmaster, layout_long_grid, slime_altar_1,
          special_room [special_room_jelly], lemuel_fruit_tree,
          grunt_megastairs_4

Skill      XL: |  1  2  3  4  5  6  7  8  9 10 11 12 13 14 15 |
---------------+----------------------------------------------+-----
Dodging        | 2 3 4 5 6 |  6.8
Fighting       | 1 2 3 4 5 6 10 | 10.0
Conjurations   | 2 3 4 5 6 7 |  7.0
Poison Magic   | 1 2 3 4 5 |  5.0
Air Magic      | 1 2 3 4 |  4.0
Stealth        | 4 7 8 9 10 11 12 | 12.0
Necromancy     | 3 5 7 9 10 | 10.0
Short Blades   | 3 6 9 10 | 10.0
Spellcasting   | 6 7 |  7.0
Armour         | 2 9 11 | 11.0
Shields        | 1 4 |  4.0
Ice Magic      | 3 |  3.2
Summonings     | |  1.0
Translocations | |  0.8

Action                   |  1- 3 |  4- 6 |  7- 9 | 10-12 | 13-15 || total
-------------------------+-------+-------+-------+-------+-------++-------
Melee: Dagger            |    84 |    25 |   225 |   344 |  1181 ||  1859
       Quarterstaff      |       |    83 |   148 |       |       ||   231
       Scimitar          |       |       |       |       |    22 ||    22
 Cast: Magic Dart        |    81 |    33 |    39 |   193 |    93 ||   439
       Mephitic Cloud    |     1 |     3 |    11 |    21 |    68 ||   104
       Conjure Flame     |       |       |       |    42 |    17 ||    59
       Dispel Undead     |       |       |       |    13 |     9 ||    22
       Blink             |       |       |       |       |     1 ||     1
Evoke: Wand              |       |       |     1 |    31 |    12 ||    44
       Phial of floods   |       |       |       |     1 |       ||     1
  Use: Scroll            |       |     5 |    11 |    11 |    18 ||    45
       Potion            |       |     2 |       |     6 |       ||     8
 Stab: Sleeping          |     2 |     1 |     1 |     8 |    38 ||    50
       Confused          |       |     1 |     5 |    17 |    42 ||    65
       Paralysed         |       |       |    17 |    42 |    62 ||   121
       Distracted        |       |       |       |       |     3 ||     3
Armor: Robe              |    25 |    32 |   163 |   105 |       ||   325
       Scale mail        |       |       |       |     5 |   100 ||   105
       Acid dragon scale |       |       |       |     5 |   330 ||   335
Dodge: Dodged            |    69 |    83 |   308 |   225 |   486 ||  1171
Block: Buckler           |       |       |       |       |   220 ||   220
       Rpst.: Scimitar   |       |       |       |       |     4 ||     4
